[Event "Fall GM-B Norm Invitational 2022"]
[Site "Charlotte"]
[Date "2022.11.21"]
[Round "8"]
[White "Kantor, Gergely"]
[Black "Ngo, Bach"]
[Result "1-0"]
[ECO "E10"]
[WhiteElo "2561"]
[BlackElo "2275"]
[Annotator "TA"]
[PlyCount "67"]
[EventDate "2022.11.18"]
[EventType "tourn"]
[EventCountry "USA"]
[SourceTitle "playchess.com"]
[Source "ChessBase"]
[SourceQuality "1"]
[TimeControl "5400+30"]

1. d4 Nf6 2. c4 e6 3. Nf3 d5 4. cxd5 exd5 5. Nc3 c6 6. Bf4 Bd6 7. Bxd6 Qxd6 8. e3 Bf5 9. Nh4 {[%emt 0:00:12] D35: Queen's Gambit Declined: Exchange Variation.} Bg6 10. Qb3 Qe7 {[%emt 0:01:19] [#]} 11. Be2 $146 {[%emt 0:00:38] White is slightly better.} ({Predecessor:} 11. Nxg6 hxg6 12. Bd3 O-O 13. O-O a5 14. a3 Na6 15. Rfe1 Qd6 16. Bxa6 bxa6 17. Re2 {1-0 (66) Carlsen,M (2856)-Vidit,S (2710) chess24.com INT 2022}) 11... O-O 12. Nxg6 hxg6 13. O-O Ne8 14. Bd3 Nd6 15. Rae1 Nd7 16. e4 dxe4 $1 17. Nxe4 Nb6 18. Nc5 Qf6 (18... Qh4 $5 ) 19. Re5 Qf4 20. Bxg6 {[%emt 0:30:42] [#] Rh5 is the strong threat.} Nbc4 21. Bh7+ Kxh7 22. Qh3+ Kg8 23. Rh5 g6 $2 {[%emt 0:10:17][%mdl 8192] [#]} (23... f5 $11 24. Rh8+ Kf7 25. Qh5+ Kf6 26. Nd7+ Ke7 27. Nxf8 Rxf8) 24. Rh8+ $18 Kg7 25. Qh7+ ({Resist} 25. Rh7+ $6 Kg8 $18) 25... Kf6 26. Nd7+ Ke7 27. Nxf8 {[%emt 0:00:08] Dancing on a razor blade.} Rxf8 28. Re1+ Ne4 29. Qh4+ Qxh4 30. Rxh4 Nxb2 $2 (30... Ncd2 {might work better.} 31. f3 (31. Rhxe4+ Nxe4 32. Rxe4+ Kf6 $14) 31... Rd8 32. fxe4 Rxd4) 31. Rhxe4+ {[%emt 0:00:19] White is clearly winning.} Kd6 32. Rb1 f5 33. Re2 ({Weaker is} 33. Rxb2 fxe4 34. Rxb7 a5 $16) 33... Nd3 34. Rxb7 {[%emt 0:02:06] Weighted Error Value: White=0.08 (flawless) /Black=0.45} 1-0

[Event "Fall GM-B Norm Invitational 2022"]
[Site "Charlotte"]
[Date "2022.11.21"]
[Round "8"]
[White "Cruz, Cristhian"]
[Black "Beradze, Irakli"]
[Result "0-1"]
[ECO "D45"]
[WhiteElo "2552"]
[BlackElo "2494"]
[Annotator "TA"]
[PlyCount "86"]
[EventDate "2022.11.18"]
[EventType "tourn"]
[EventCountry "USA"]
[SourceTitle "playchess.com"]
[Source "ChessBase"]
[SourceQuality "1"]
[TimeControl "5400+30"]

1. d4 {[%emt 0:02:17] Cummings,D} d5 2. c4 e6 3. Nc3 c6 4. e3 Nf6 5. Nf3 Nbd7 6. Qc2 Bd6 7. Bd3 O-O 8. O-O dxc4 9. Bxc4 a6 10. Rd1 Qc7 11. Ne4 {[%emt 0:26:39] D46: Semi-Slav: 5 e3 Nbd7 6 Bd3, Black avoids the Meran.} Nxe4 12. Qxe4 c5 13. Bd3 {[%emt 0:03:52][%csl Gd3][%cal Re4h7] White is slightly better.} Nf6 14. Qh4 e5 15. dxe5 Bxe5 16. Nxe5 Qxe5 17. Bd2 {[%emt 0:00:21] Strongly threatening Bc3.} Qxb2 18. Rac1 $36 {[%emt 0:07:16][%mdl 2048] [#] Black is under strong pressure.} Qb6 $146 ({Predecessor:} 18... h6 19. Bc3 Qb6 20. a4 Re8 21. a5 Qe6 22. Bc4 Qe7 23. Bxf6 Qxf6 24. Qxf6 gxf6 {½-½ (51) Cummings,D (2373)-Lesiege,A (2572) Richmond 2002 CBM 088 [Cummings,D]}) 19. e4 {[%emt 0:10:21] And now e5 would win.} Rd8 20. Be3 Qb4 $1 21. Bxc5 Qb2 22. Be3 {[%emt 0:00:30][%cal Oe4e5] Hoping for e5! This bishop pair is nice.} Bg4 (22... h6 $1 $14) 23. f3 $16 Bd7 ({Black should play} 23... Be6) 24. Rc2 (24. e5 $1 $16 Qxe5 25. Bd4) 24... Qa3 25. Bb6 Ba4 {[%emt 0:02:41] [#]} 26. Bxd8 ({White should try} 26. Bc5 $1 $16 Bxc2 27. Bxa3 Bxd1 28. e5 Rxd3 29. exf6) 26... Rxd8 $11 27. e5 {[%emt 0:00:27] Bxh7+ is the strong threat.} Bxc2 28. Bxh7+ $1 Nxh7 29. Rxd8+ Nf8 30. Qd4 {[%emt 0:00:27] Against Qe3+} Ba4 31. h4 Bc6 (31... Qxa2 $2 32. Qb4 Kh7 33. Rxf8 (33. Qxf8 Qa1+ 34. Kh2 Qxe5+ 35. Kh3 Qf5+ 36. Kh2 Qe5+ 37. Kh3 Qf5+ 38. Kh2 Qe5+ $11) 33... Qa1+ 34. Kf2 $18) 32. Kh2 Kh7 33. Ra8 ({Better is} 33. Qd6 $11 Qxd6 34. exd6) 33... Qe7 $1 $15 34. h5 {[%emt 0:00:57] [#] Inhibits Ng6.} g6 $1 35. e6 gxh5 36. Qd3+ (36. exf7 $1 $15 Qxf7 37. Rd8) 36... Ng6 $17 {[%emt 0:00:33] Threatens to win with ...Qh4+.} 37. exf7 Qxf7 38. Qd8 $2 {[%emt 0:00:07] Now White is beyond hope.} (38. a3 $17 {keeps fighting.}) 38... Qxa2 $19 39. Rc8 Qd5 ({Weaker is} 39... Bxf3 40. Qc7+ Kh6 41. Qc1+ Kh7 42. Rc7+ Kg8 43. Rc8+ (43. Qg5 Be4 $17) 43... Kh7 44. Rc7+ Kg8 45. Rc2 $11 (45. Qg5 Be4 $15)) 40. Qb6 $2 (40. Qxd5 {might work better.} Bxd5 41. Rc5) 40... Qe5+ 41. Kh1 h4 42. Qb3 (42. Qd8 $142 a5 43. Rc7+ Kh6 44. Rf7) 42... h3 {[%emt 0:01:01] ( -> ...hxg2+)} 43. gxh3 Qe1+ {[%emt 0:00:08] Weighted Error Value: White=0.70/Black=0.14 (very precise)} 0-1

[Event "Fall GM-B Norm Invitational 2022"]
[Site "Charlotte"]
[Date "2022.11.21"]
[Round "8"]
[White "Paragua, Mark"]
[Black "Korley, Kassa"]
[Result "1/2-1/2"]
[ECO "C47"]
[WhiteElo "2466"]
[BlackElo "2451"]
[Annotator "TA"]
[PlyCount "40"]
[EventDate "2022.11.18"]
[EventType "tourn"]
[EventCountry "USA"]
[SourceTitle "playchess.com"]
[Source "ChessBase"]
[SourceQuality "1"]
[TimeControl "5400+30"]

1. e4 e5 2. Nf3 Nc6 3. Nc3 Nf6 4. d4 exd4 5. Nxd4 Bb4 6. Nxc6 bxc6 7. Bd3 d5 8. Bd2 O-O 9. O-O {[%emt 0:00:06] The position is equal.} Rb8 {[%emt 0:00:45] C47: Scotch Four Knights and Four Knights with 4 g3.} 10. Re1 Re8 11. exd5 Rxe1+ 12. Qxe1 cxd5 13. a3 Bf8 14. b4 {[#] An even fight not without its subleties.  Weighted Error Value: White=0.00 (flawless) /Black=0.00 (flawless)} {Predecessor:} Rb6 $146 15. Rd1 Bb7 16. Bg5 h6 17. Bh4 g5 18. Bg3 Re6 19. Qf1 Nh5 20. Bf5 Rf6 {1-0 (52) Kunin,V (2567)-Ivanisevic,I (2606) Chess.com INT 2021} 1/2-1/2

[Event "Fall GM-B Norm Invitational 2022"]
[Site "Charlotte"]
[Date "2022.11.21"]
[Round "8"]
[White "Woodward, Andy"]
[Black "Williams, Justus"]
[Result "1/2-1/2"]
[ECO "A54"]
[WhiteElo "2447"]
[BlackElo "2395"]
[Annotator "TA"]
[PlyCount "109"]
[EventDate "2022.11.18"]
[EventType "tourn"]
[EventCountry "USA"]
[SourceTitle "playchess.com"]
[Source "ChessBase"]
[SourceQuality "1"]
[TimeControl "5400+30"]

1. d4 Nf6 2. c4 d6 3. Nc3 e5 4. Nf3 e4 5. Ng5 Qe7 6. e3 {[%emt 0:04:29] White is more active. A54: Old Indian Defence with Nf3, but without e4.} (6. f3 $16) 6... h6 $11 7. Nh3 g5 8. f3 {[%emt 0:02:27] White is slightly better.} exf3 9. gxf3 c5 {[%emt 0:02:13] [#]} 10. Bg2 $146 ({Predecessor:} 10. d5 Nbd7 11. Nf2 Ne5 12. Be2 Bf5 13. h4 Rg8 14. hxg5 hxg5 15. Rg1 O-O-O 16. e4 {0-1 (34) Ratsma,M (2123)-Radlovacki,J (2443) Novi Sad 2014}) 10... Nc6 (10... cxd4 $11 11. Qxd4 Nc6) 11. O-O $1 $14 Bg7 12. Nf2 (12. Nd5 $5 Qd8 13. dxc5 $14) 12... O-O 13. Nd5 Qd8 14. f4 $1 Na5 (14... gxf4 $14 {might be stronger.} 15. dxc5 (15. Nxf4 cxd4 16. exd4 Re8 $14) 15... dxc5) 15. fxg5 hxg5 (15... Nxd5 $2 16. gxh6 (16. cxd5 Qxg5 17. dxc5 dxc5 $14) 16... Bxh6 17. cxd5 $18 (17. Ng4 Bg7 $16)) 16. Nxf6+ (16. Qe2 $16) 16... Qxf6 17. Qh5 {[%emt 0:01:57] Threatens to win with Ne4.} Qg6 (17... Nxc4 $11 {remains equal.} 18. b3 Nb6) 18. Qxg6 $16 fxg6 19. Bd2 Nc6 20. Ne4 cxd4 21. Rxf8+ Kxf8 22. exd4 ({Reject} 22. Nxg5 $6 dxe3 23. Bxe3 Bf5 $11) (22. Nxd6 $16 {Black must now prevent Rf1+.} Ke7 23. c5) 22... Bxd4+ $11 23. Kh1 {[%emt 0:00:28] aiming for Rf1+.} Be5 24. Bxg5 Kg7 {[%emt 0:02:18] Inhibits Bh6+.} 25. c5 d5 26. Nd6 Be6 27. Re1 Rh8 28. h4 Bf6 (28... b6 {with more complications.} 29. b4 Bf6 30. Rxe6 Bxg5 31. Ne8+ Kf8) 29. Rxe6 Bxg5 30. Bxd5 Rxh4+ 31. Kg2 Nd8 32. Re2 Bf4 33. Nxb7 Rh2+ (33... Nxb7 $14 34. Re7+ (34. Bxb7 Kf6 $16) 34... Kf6 35. Rf7+ (35. Rxb7 Ke5 $14) 35... Ke5 36. Bxb7 Ke6) 34. Kf3 $18 Rxe2 35. Kxe2 ({Don't do} 35. Nxd8 $6 Bg5 $16) 35... Nxb7 36. Bxb7 {[%emt 0:00:05][%mdl 4096] Endgame KB-KB} Kf6 {[%emt 0:03:43] [#]} 37. Kd3 (37. b4 $1 $18) 37... Ke6 38. Kc4 Kd7 39. Kb5 Kc7 40. Be4 Be5 41. b4 g5 42. Bf3 Bc3 43. a4 Be1 44. a5 Bd2 45. Ka4 (45. a6 $142) 45... Be3 ({Black should play} 45... a6) 46. Kb5 Bd2 $1 47. a6 Be1 48. Kc4 Bd2 49. b5 {[%emt 0:00:17][%cal Ob5b6] Strongly threatening b6+!} Be3 50. Kd5 Bf2 51. b6+ Kb8 52. Kc6 Be3 53. Be2 Bf2 54. Kb5 Be3 55. bxa7+ {[%emt 0:00:35] Black defended with fortune.  Weighted Error Value: White=0.15 (very precise) /Black=0.17 (very precise)} (55. Bd1 $16) 1/2-1/2

[Event "Fall GM-B Norm Invitational 2022"]
[Site "Charlotte"]
[Date "2022.11.21"]
[Round "8"]
[White "Ozenir, Ekin Baris"]
[Black "Hilby, Craig"]
[Result "1/2-1/2"]
[ECO "B07"]
[WhiteElo "2352"]
[BlackElo "2411"]
[Annotator "TA"]
[PlyCount "67"]
[EventDate "2022.11.18"]
[EventType "tourn"]
[EventCountry "USA"]
[SourceTitle "playchess.com"]
[Source "ChessBase"]
[SourceQuality "1"]
[TimeControl "5400+30"]

1. Nf3 g6 2. e4 Bg7 3. d4 d6 4. c3 Nf6 5. Bd3 O-O 6. O-O Nbd7 7. Be3 {[%emt 0:00:19] B07: Pirc Defence: Miscellaneous Systems.} e5 8. Nbd2 b6 9. a4 a5 {[%emt 0:00:47] [#]} 10. dxe5 $146 ({Predecessor:} 10. Re1 Bb7 11. Qc2 Re8 12. Rad1 h6 13. h3 Nh5 14. Bb5 c6 15. Bf1 Qc7 16. dxe5 dxe5 {½-½ (52) Sanal,V (2543)-Olcum,A (2257) Batumi 2018}) 10... Nxe5 11. Nxe5 dxe5 12. Be2 Bb7 13. Qb1 h5 14. h3 {[%emt 0:03:37] Prevents Ng4.} Kh7 15. Rd1 Bh6 16. Bxh6 Kxh6 17. b4 {[%emt 0:00:14] next bxa5 is good for White.} Qe7 (17... Bc6 $11) 18. f3 (18. bxa5 $14 Rxa5 19. Qb4) 18... Rfd8 19. Qb2 h4 20. Bf1 Nh5 21. Nc4 Ba6 22. b5 Bb7 23. Ne3 Kg7 24. c4 Rxd1 25. Rxd1 Nf4 ({Black should play} 25... Qc5 $1 $15 26. Qf2 Qe7) 26. Nd5 $11 {[%emt 0:06:58] The position is equal.} Bxd5 27. cxd5 Rd8 28. Rc1 Nh5 29. Rc6 Nf6 30. Bd3 Rd6 31. Rc2 Ne8 32. f4 f6 33. Rf2 Rd8 34. f5 {[%emt 0:02:00] Weighted Error Value: White=0.11 (very precise) /Black=0.10 (very precise)} 1/2-1/2

[Event "Fall GM-B Norm Invitational 2022"]
[Site "Charlotte"]
[Date "2022.11.22"]
[Round "9"]
[White "Beradze, Irakli"]
[Black "Paragua, Mark"]
[Result "0-1"]
[ECO "D45"]
[WhiteElo "2494"]
[BlackElo "2466"]
[Annotator "TA"]
[PlyCount "88"]
[EventDate "2022.11.18"]
[EventType "tourn"]
[EventCountry "USA"]
[SourceTitle "playchess.com"]
[Source "ChessBase"]
[SourceQuality "1"]
[TimeControl "5400+30"]

1. c4 c6 2. Nf3 d5 3. e3 Nf6 4. Nc3 e6 5. d4 Nbd7 6. Qc2 Bd6 7. Bd3 O-O 8. O-O dxc4 9. Bxc4 b5 10. Bd3 Bb7 11. h3 b4 {[%emt 0:02:54] D46: Semi-Slav: 5 e3 Nbd7 6 Bd3, Black avoids the Meran.} 12. Na4 c5 13. dxc5 Rc8 {[%emt 0:00:33] Black has an edge.} 14. Qe2 Nxc5 15. Nxc5 Bxc5 {[%emt 0:01:43] [#]} 16. Rd1 $146 {[%emt 0:05:39][%cal Od3h7] Strongly threatening Bxh7+!} ({Predecessor:} 16. e4 Qc7 17. Bg5 Nh5 18. Qd2 f5 19. Rfe1 fxe4 20. Bxe4 Bxe4 21. Rxe4 Rxf3 22. gxf3 Qg3+ 23. Kf1 Qxf3 24. Rg4 Qxh3+ 25. Rg2 Qh1+ 26. Rg1 Ng3+ {0-1 (26) Douven,R (2408)-Kroeze,F (2374) Netherlands 2001}) 16... Qc7 17. Bd2 Rfd8 18. Be1 Be7 19. Ba6 h6 20. Rxd8+ Rxd8 21. Bxb7 Qxb7 22. Rc1 Rc8 23. Rc2 Nd5 24. Ne5 Rc7 25. Qd3 Bf6 26. Nc4 Qb5 27. Qb3 {[%emt 0:08:52] Prevents Nc3.} Nc3 $40 {[%emt 0:09:16][%mdl 128] Black has some attack.} 28. Nd2 {[%emt 0:02:06][%mdl 8192] [#] White is now going downhill.} (28. Nd6 $11 Qd3 29. bxc3) 28... Ne2+ $1 $19 29. Kh1 Nc1 30. Rxc7 Nxb3 31. axb3 Qe2 32. Nf3 Qxb2 33. Bxb4 Qxf2 34. Bd2 Qf1+ 35. Kh2 Qb5 36. Rc8+ Kh7 37. b4 Be7 38. Nd4 Qd3 39. Nf3 e5 {[%emt 0:00:35][%cal Be6e5,Be5e4][%mdl 32] [#] White must now prevent ...e4.} 40. e4 Qxe4 41. Rc7 Bd6 42. Rxf7 Qd5 {[%emt 0:00:51] Black mates.} 43. Rd7 e4+ 44. Bf4 Bxf4+ {[%emt 0:00:06] Weighted Error Value: White=0.57/Black=0.10 (very precise)} 0-1

[Event "Fall GM-B Norm Invitational 2022"]
[Site "Charlotte"]
[Date "2022.11.22"]
[Round "9"]
[White "Korley, Kassa"]
[Black "Ozenir, Ekin Baris"]
[Result "1-0"]
[ECO "A05"]
[WhiteElo "2451"]
[BlackElo "2352"]
[Annotator "TA"]
[PlyCount "67"]
[EventDate "2022.11.18"]
[EventType "tourn"]
[EventCountry "USA"]
[SourceTitle "playchess.com"]
[Source "ChessBase"]
[SourceQuality "1"]
[TimeControl "5400+30"]

1. Nf3 Nf6 2. g3 b6 3. Bg2 Bb7 4. O-O g6 5. d3 Bg7 6. e4 d6 7. Re1 {[%emt 0:01:31] A05: Réti Opening: 1 Nf3 Nf6.} O-O 8. Nc3 c5 9. d4 {[%emt 0:00:08] [#] White is slightly better.} Nfd7 $146 ({Predecessor:} 9... Na6 10. d5 Nc7 11. Bf4 b5 12. a4 b4 13. Nb5 Nxb5 14. axb5 Qb6 15. Bf1 a6 16. bxa6 Bxa6 17. Bxa6 Rxa6 {0-1 (42) Nieto Tornero,J (1913)-Aranda Marin,C (2295) Quart de Poblet 2014}) 10. d5 Na6 11. h4 Nc7 12. h5 Ne5 13. Nxe5 Bxe5 14. Bh6 Re8 15. Qd2 e6 16. Bg5 Qd7 17. Rad1 b5 (17... exd5 $5 18. hxg6 (18. exd5 f6 $11) 18... hxg6 $11) 18. Bh3 b4 19. Ne2 (19. dxe6 $14 Nxe6 20. Nd5 Nxg5 21. Bxd7 (21. Nf6+ $2 Bxf6 22. Bxd7 Nf3+ 23. Kg2 Nxd2 $19) 21... Nf3+ 22. Kg2 Nxd2 23. Bxe8 (23. Rxd2 Reb8 $11) 23... Rxe8 24. Rxd2) 19... Qb5 (19... gxh5 20. Nf4 f5 21. Nxe6 $14 (21. dxe6 Qg7 $11)) (19... Bxb2 20. c3 bxc3 21. Nxc3 Bxc3 22. Qxc3 $14) 20. Bg2 exd5 ({But not} 20... gxh5 21. Nf4 f6 22. Bh4 $16) (20... Bxb2 21. c4 bxc3 22. Nxc3 Bxc3 23. Qxc3 exd5 24. Rb1 $16) 21. exd5 Bxb2 {[%emt 0:02:46] [#] ...Qc4 is the strong threat.} 22. c4 bxc3 $1 23. Nxc3 Qb4 (23... Rxe1+ $11 {and Black is okay.} 24. Rxe1 Bxc3 25. Qxc3 Re8) 24. Bf6 $18 {[%emt 0:00:28][%cal Od2h6] White wants to mate with Qh6!} Bxc3 25. Bxc3 Qc4 26. Bf6 $2 (26. hxg6 $18 {[%cal Od2h6] has better winning chances. Intending Qh6! and mate.} fxg6 27. Ba5) 26... Qb4 $16 {[%emt 0:03:09] [#] Strongly threatening ...Qxd2.} ({Worse is} 26... Rxe1+ 27. Rxe1 Nxd5 28. Bg5 $14) 27. Bc3 $40 {[%emt 0:04:30][%mdl 128] White has some attack. This bishop pair is nice.} Qg4 (27... Qc4 $11) 28. Qh6 $18 f6 29. Bxf6 gxh5 30. Be4 {[%emt 0:04:23] Inhibits Qg6. The board is on fire.} Qd7 (30... Rxe4 31. Rxe4 Qg6 32. Qxg6+ hxg6) 31. Qg5+ Kf8 32. Re3 {[%emt 0:01:06][%cal Oe3f3] Rf3! would kill now.} Qg4 33. Qh6+ Kf7 34. Bf3 {[%emt 0:00:27] Weighted Error Value: White=0.21 (precise) /Black=0.64} 1-0

[Event "Fall GM-B Norm Invitational 2022"]
[Site "Charlotte"]
[Date "2022.11.22"]
[Round "9"]
[White "Hilby, Craig"]
[Black "Kantor, Gergely"]
[Result "1/2-1/2"]
[ECO "C26"]
[WhiteElo "2411"]
[BlackElo "2561"]
[Annotator "TA"]
[PlyCount "34"]
[EventDate "2022.11.18"]
[EventType "tourn"]
[EventCountry "USA"]
[SourceTitle "playchess.com"]
[Source "ChessBase"]
[SourceQuality "1"]
[TimeControl "5400+30"]

1. e4 e5 2. Nc3 Nf6 3. g3 Bc5 4. Bg2 Nc6 5. Nge2 O-O 6. O-O Re8 {[%emt 0:02:03] C26: Vienna Game: 2...Nf6, sidelines .} 7. d3 Nd4 8. Na4 Bf8 {[%emt 0:06:31] The position is equal.} 9. c4 {[%emt 0:08:48] [#] Prevents d5.} d6 $146 ({Predecessor:} 9... c6 10. Nac3 Bc5 11. h3 a6 12. g4 d6 13. Nxd4 Bxd4 14. Ne2 Bc5 15. Ng3 b5 {½-½ (68) Lu,S (2551)-Zhou,W (2590) Danzhou 2013}) 10. Nac3 Nxe2+ 11. Qxe2 c6 12. f4 b5 13. b3 Ba6 14. f5 bxc4 15. bxc4 d5 16. exd5 Bc5+ (16... e4 $1 $11 {keeps the balance.} 17. Bg5 (17. dxe4 cxd5 18. Rd1 Bxc4 $19) 17... Bc5+ 18. Kh1 Bd4 19. Bxf6 Bxf6) 17. Be3 $16 Bd4 {[%emt 0:02:11] Weighted Error Value: White=0.08 (flawless) /Black=0.15 (very precise)} 1/2-1/2

[Event "Fall GM-B Norm Invitational 2022"]
[Site "Charlotte"]
[Date "2022.11.22"]
[Round "9"]
[White "Williams, Justus"]
[Black "Cruz, Cristhian"]
[Result "1-0"]
[ECO "A05"]
[WhiteElo "2395"]
[BlackElo "2552"]
[Annotator "TA"]
[PlyCount "45"]
[EventDate "2022.11.18"]
[EventType "tourn"]
[EventCountry "USA"]
[SourceTitle "playchess.com"]
[Source "ChessBase"]
[SourceQuality "1"]
[TimeControl "5400+30"]

1. Nf3 d5 2. g3 Nf6 3. Bg2 e6 4. O-O Be7 5. d3 c5 6. Nbd2 Nc6 7. e4 Qc7 8. Re1 b6 9. c3 Ba6 10. Nf1 {[%emt 0:07:27] C00: French: Unusual White 2nd moves.} dxe4 11. dxe4 (11. Bf4 $5 Qb7 12. dxe4 $11) 11... O-O (11... Rd8 $5 12. Qa4 Bd3 $11) 12. Bf4 {[%emt 0:04:17] The position is equal.} e5 13. Bg5 Rfd8 14. Qc1 {[%emt 0:03:40] [#]} Bd3 $146 ({Predecessor:} 14... Nd7 15. Bxe7 Nxe7 16. Ne3 c4 17. Nf5 Nc5 18. Qg5 Nxf5 19. exf5 f6 20. Qg4 Rac8 {0-1 (44) Tuncer,D (1520)-Gur,T (1747) Konya 2019}) 15. Nh4 g6 16. Ne3 Nxe4 17. Bxe7 Qxe7 {[%emt 0:00:33] [#]} 18. Rd1 $1 f5 {[%emt 0:11:53] [#]} (18... Nxf2 $142 19. Bxc6 Rac8 20. Kxf2 (20. Nd5 Rxd5 21. Bxd5 Nxd1 $14) 20... Rxc6) 19. Rxd3 $1 Rxd3 {[%emt 0:00:11] [#]} 20. Nexf5 $1 gxf5 21. Nxf5 {[%emt 0:00:02] White is clearly better.} Qf6 22. Bxe4 Rd7 {[%emt 0:00:05] [#]} (22... Rad8 $16 {was necessary.}) 23. Nh6+ $1 {[%emt 0:00:20] Weighted Error Value: White=0.03 (flawless) /Black=0.29 (precise)} ({Not} 23. Qh6 Rf8 $11) 1-0

[Event "Fall GM-B Norm Invitational 2022"]
[Site "Charlotte"]
[Date "2022.11.22"]
[Round "9"]
[White "Ngo, Bach"]
[Black "Woodward, Andy"]
[Result "1-0"]
[ECO "D90"]
[WhiteElo "2275"]
[BlackElo "2447"]
[Annotator "TA"]
[PlyCount "69"]
[EventDate "2022.11.18"]
[EventType "tourn"]
[EventCountry "USA"]
[SourceTitle "playchess.com"]
[Source "ChessBase"]
[SourceQuality "1"]
[TimeControl "5400+30"]

1. d4 Nf6 2. Nf3 g6 3. c4 Bg7 4. Nc3 d5 5. cxd5 Nxd5 6. Na4 Nb6 7. e4 Bg4 8. Be3 O-O 9. Be2 Nxa4 10. Qxa4 c5 11. Rd1 {[%emt 0:13:07] has lost popularity (11.dxc5). D85: Exchange Grünfeld: Unusual White 7th moves and lines with 7 Nf3.} Bxf3 12. dxc5 Qc7 13. gxf3 {[%emt 0:02:56] The position is equal.} Bxb2 14. h4 {[%emt 0:01:11] [#]} Be5 $146 (14... Nc6 $11 {keeps the balance.}) ({Predecessor:} 14... Nc6 15. Qb3 Be5 16. h5 Rad8 17. hxg6 Rxd1+ 18. Bxd1 hxg6 19. f4 Bxf4 20. Bd4 Nxd4 21. Qh3 Kg7 22. Qh7+ Kf6 23. Qh4+ Bg5 {0-1 (23) Rees,I (2179)-Howell,D (2304) Newport 2004}) 15. h5 $16 {[%emt 0:01:40] Strongly threatening hxg6.} Nc6 16. hxg6 hxg6 17. f4 $1 {[%emt 0:05:31] White has more active pieces. The black rooks are badly placed.} Bg7 18. f5 Rfd8 ({Black should play} 18... gxf5 $1 $14 19. exf5 Rfd8) 19. fxg6 fxg6 (19... Qa5+ $16 20. Qxa5 Rxd1+ 21. Kxd1 Nxa5 22. gxf7+ Kxf7) 20. Qc4+ $18 Kf8 21. Qe6 {[%emt 0:00:14] [#] Threatens to win with Bc4.} ({Don't play} 21. Rh7 $6 Ne5 22. Qe6 Qc6) 21... Ne5 (21... Rxd1+ 22. Bxd1 Qe5 23. Qxg6 Qf6 24. Qxf6+ Bxf6) 22. Rh4 (22. Rxd8+ $142 Qxd8 23. Rh4) 22... Rxd1+ 23. Bxd1 {[%emt 0:00:09] Black must now prevent Rf4+. Dancing on a razor blade.} Qa5+ 24. Kf1 ({Not} 24. Bd2 Nd3+ 25. Ke2 Qb5 $14) 24... Qa6+ 25. Qxa6 bxa6 26. Be2 (26. Bb3 $18) 26... a5 {[%emt 0:01:15] A mistake that costs the game.} (26... Rb8 $16 {might work better.}) 27. f4 Nc6 28. e5 g5 29. fxg5 Bxe5 30. g6 Kg7 $2 {[%emt 0:02:51] [#]} (30... Bg7 31. Bf3 Rc8) 31. Rh7+ {[%emt 0:00:54] White is clearly winning.} Kf6 32. Bf3 Rc8 33. g7 Kf7 34. Bh5+ {[%emt 0:00:20] A strong pair of Bishops.} Kf6 35. Rh8 {[%emt 0:00:14] Weighted Error Value: White=0.19 (very precise) /Black=0.56} 1-0